 Dungeon Crawl Stone Soup version 0.29-a0-613-gf2c431b9b9 (webtiles) character file.

Game seed: 2517699660111995557

284 Nietzsche the Insei (level 6, 0/47 HPs)
             Began as a Draconian Transmuter on June 16, 2022.
             Was an Initiate of Kikubaaqudgha.
             Slain by Blork the orc
             ... wielding a +0 halberd
              (10 damage)
             ... on level 4 of the Dungeon.
             The game lasted 00:13:46 (3638 turns).

Nietzsche the Insei (Draconian Transmuter)          Turns: 3638, Time: 00:13:47

Health: 0/47       AC:  6    Str: 12    XL:     6   Next: 7%
Magic:  16/19      EV: 12    Int: 15    God:    Kikubaaqudgha [......]
Gold:   161        SH:  0    Dex: 12    Spells: 7/10 levels left

rFire   . . .      SeeInvis .     - Unarmed
rCold   . . .      Faith    .   (no shield)
rNeg    . . .      Spirit   .   (body armour unavailable)
rPois   .          Reflect  .   (helmet restricted)
rElec   .          Harm     .   (no cloak)
rCorr   .          Rampage  .   (no gloves)
Will    +....                   (no boots)
Stlth   +.........              (no amulet)
HPRegen 0.15/turn               r - ring of willpower
MPRegen 0.16/turn               u - ring of magical power

@: wereblooded
A: AC +6, unfitting armour, cold-blooded
a: Renounce Religion


You were on level 4 of the Dungeon.
You worshipped Kikubaaqudgha.
Kikubaaqudgha was noncommittal.
You visited 2 branches of the dungeon, and saw 5 of its levels.

You collected 161 gold pieces.

Inventory:

Missiles
 e - 2 silver boomerangs
Magical Staves
 d - a staff of cold
Jewellery
 r - a ring of willpower (left hand)
 u - a ring of magical power (right hand)
Scrolls
 f - 2 scrolls of enchant weapon {unknown}
 i - 5 scrolls of identify {unknown}
 j - 3 scrolls of poison {unknown}
 m - a scroll of immolation {unknown}
 n - a scroll of noise {unknown}
 o - a scroll of brand weapon {unknown}
 p - a scroll of teleportation {unknown}
 s - a scroll of fog {unknown}
 t - a scroll of vulnerability {unknown}
Potions
 a - a potion of lignification
 c - 2 potions of brilliance {unknown}
 g - 2 potions of mutation {unknown}
 h - 2 potions of cancellation {unknown}
 k - a potion of might {unknown}
 l - a potion of magic {unknown}
 q - a potion of attraction {unknown}


   Skills:
 + Level 1.6 Fighting
 + Level 2.6 Dodging
 + Level 0.7 Stealth
 + Level 4.9 Unarmed Combat
 * Level 2.7 Spellcasting
 * Level 3.1 Transmutations
 * Level 1.3 Evocations


You had 7 spell levels left.
You knew the following spells:

 Your Spells              Type           Power      Damage    Failure   Level
a - Beastly Appendage     Tmut           22%        N/A       6%          1
b - Wereblood             Tmut           11%        N/A       9%          2

Your spell library contained the following spells:

 Spells                   Type           Power      Damage    Failure   Level
 Spider Form              Tmut/Pois      6%         N/A       32%         3
 Ice Form                 Ice/Tmut       6%         N/A       73%         4
 Passage of Golubria      Tloc           2%         N/A       90%         4
 Fireball                 Conj/Fire      1%         3d3       99%         5
 Silence                  Hex/Air        1%         N/A       99%         5
 Starburst                Conj/Fire      1%         6d3       100%        6
 Ignition                 Fire           1%         3d3       100%        8
 Lehudib's Crystal Spear  Conj/Erth      1%         10d2      100%        8


Dungeon Overview and Level Annotations

Branches:
Dungeon (4/15)             Temple (1/1) D:4

Altars:
Ashenzari
Cheibriados
Fedhas
Hepliaklqana
Kikubaaqudgha
Makhleb
Nemelex Xobeh
Ru
Sif Muna
Trog
Wu Jian
Yredelemnul
Zin
The Shining One

Shops:
D:2 [   D:3 (

Annotations:
D:4 Blork the orc


Innate Abilities, Weirdness & Mutations

Your plain brown scales are hard. (AC +6)
You cannot fit into any form of body armour.
You are cold-blooded and may be slowed by cold attacks.


Message History

Level annotation: Blork the orc
There is a staircase to the Ecumenical Temple here.
Casting: Wereblood (safe; 9% risk of failure)
Confirm with . or Enter, or press ? or * to list all spells.
Your blood is infused with primal strength.
Blork the orc hits you from afar with a +0 halberd.
Blork the orc hits you with a +0 halberd!
You hit Blork the orc but do no damage. You tail-slap Blork the orc.
Blork the orc is lightly wounded.
Blork the orc hits you with a +0 halberd.
You closely miss Blork the orc.
Blork the orc is lightly wounded.
Blork the orc closely misses you.
You closely miss Blork the orc.
Blork the orc is lightly wounded.
Blork the orc gestures wildly while chanting.
Blork the orc seems to speed up.
You hit Blork the orc but do no damage.
Blork the orc is lightly wounded.
Blork the orc screams, "I'll drink your blood!
Soon!"
Blork the orc closely misses you.
You hit Blork the orc.
Blork the orc is moderately wounded.
Blork the orc looks satisfied for a moment.
You closely miss Blork the orc.
Blork the orc is moderately wounded.
Blork the orc hits you with a +0 halberd!
Blork the orc gestures at you while chanting.
The magic dart hits you but does no damage.
You barely miss Blork the orc.
Blork the orc is moderately wounded.
Blork the orc hits you with a +0 halberd!
* * * LOW HITPOINT WARNING * * *
Casting: Wereblood (safe; 9% risk of failure)
Confirm with . or Enter, or press ? or * to list all spells.
Your blood is freshly infused with primal strength!
Blork the orc screams, "I don't like you!"
Blork the orc hits you with a +0 halberd!
You die...
Kikubaaqudgha rasps: "You have failed me!
Welcome... death!"

##).....# .#..
.)).....# ####.#.#.
##......########......$
#..................).#
###.######...##...#..##
#.# #..#$.#.#..... #.#
##.#....#..# ##.#
#..#o...##..# ###..#
#....@>.....# ....##
#..##....#..#
....########.#..#....#
.
................#.#..#
#.#.#########..#...##.)
....# #....?.. ...
#.#.# #.#.#.... ###
#.#.# #. ...... #.#.#


You could see Blork the orc (fast).

Vanquished Creatures
  A black bear (D:4)
  3 orc wizards (D:4)
  6 adders
  A worm (D:2)
  A dart slug (D:1)
  2 ball pythons
  4 endoplasms
  A giant cockroach (D:3)
  5 goblins
  4 hobgoblins
  13 jackals
  3 quokkas
  4 bats
  4 frilled lizards
  7 kobolds
  7 rats
66 creatures vanquished.

Notes
Turn   | Place    | Note
-------+----------+-------------------------------------------
     0 | D:1      | Nietzsche the Draconian Transmuter began the quest for the
                  | Orb.
     0 | D:1      | Reached XP level 1. HP: 16/16 MP: 3/3
   288 | D:1      | Reached XP level 2. HP: 23/23 MP: 5/5
   586 | D:1      | Found a faded altar of an unknown god.
   937 | D:2      | Reached XP level 3. HP: 22/28 MP: 6/6
  1531 | D:2      | Found Kiatred's Antique Armour Boutique.
  1560 | D:2      | Reached skill level 4 in Unarmed Combat
  2190 | D:3      | Reached XP level 4. HP: 35/35 MP: 5/7
  2771 | D:3      | Found a shimmering blue altar of Sif Muna.
  2782 | D:3      | Found a broken altar of Ashenzari.
  2825 | D:3      | Found Kezim's Antique Weapon Boutique.
  2837 | D:3      | You fall into a shaft and drop 1 floor!
  3001 | D:4      | Reached XP level 5. HP: 28/40 MP: 6/8
  3029 | D:4      | Reached skill level 1 in Evocations
  3042 | D:4      | Noticed a black bear
  3065 | D:4      | Killed a black bear
  3066 | D:4      | Reached XP level 6. HP: 17/47 MP: 7/10
  3070 | D:4      | Learned a level 2 spell: Wereblood
  3368 | D:4      | Found a staircase to the Ecumenical Temple.
  3369 | D:4      | Noticed Blork the orc
  3383 | Temple   | Entered the Ecumenical Temple
  3602 | Temple   | Became a worshipper of Kikubaaqudgha
  3638 | D:4      | Slain by Blork the orc

Illustrated notes

Levels and vault maps discovered:
D:1:      dpeg_arrival_concentric_ovals, layout_basic,
          shapermc_ecumenical_altar_notcrosses, supply_closet_lemuel,
          columned_hall_lemuel
D:2:      layout_loops_corners, serial_shops, nicolae_square_shop
D:3:      layout_loops_ring, mainiacjoe_overflow_big_doors, serial_shops, shop,
          lemuel_old_faithful
D:4:      layout_loops_ring, minmay_temple_entry_mini_moons,
          minmay_misc_feat_secret_circle, uniq_blork_the_orc
Temple:   minmay_temple_bridge_abc

Skill      XL: |  1  2  3  4  5 |
---------------+----------------+-----
Dodging        | 2 |  2.6
Unarmed Combat | 4 |  4.9
Evocations     | 1 |  1.3
Transmutations | 3 |  3.1
Fighting       | |  1.6
Stealth        | |  0.7
Spellcasting   | |  2.7

Action                   |  1- 3 |  4- 6 || total
-------------------------+-------+-------++-------
Melee: Unarmed           |   151 |   113 ||   264
       Tailslap          |    12 |    11 ||    23
       Punch             |     3 |       ||     3
       Kick              |       |     5 ||     5
       Headbutt          |       |     3 ||     3
 Cast: Beastly Appendage |     2 |     4 ||     6
       Wereblood         |       |     3 ||     3
  Use: Potion            |       |     2 ||     2
 Stab: Sleeping          |       |     1 ||     1
Armor: Skin              |    66 |    50 ||   116
Dodge: Dodged            |    89 |    62 ||   151

Table legend: (Time is in decaauts)
 A = Elapsed time spent in this place.
 B = Non-inter-level travel time spent in this place.
 C = Inter-level travel time spent in this place.
 D = Time resting spent in this place.
 E = Time spent auto-exploring this place.
 F = Levels seen in this place.
 G = Mean time per level.
                   A        B        C        D        E       F      G
               +--------+--------+--------+--------+--------+-----+--------+
         Total |   3620 |   3620 |      0 |      0 |   2551 |   5 |  724.0 |
       Dungeon |   3375 |   3375 |      0 |      0 |   2472 |   4 |  843.8 |
        Temple |    244 |    244 |      0 |      0 |     79 |   1 |  244.0 |
               +--------+--------+--------+--------+--------+-----+--------+

Top non-repeatable levels by time:
     D:2: 1275 daAuts
     D:1: 859 daAuts
     D:3: 691 daAuts
     D:4: 549 daAuts
  Temple: 244 daAuts
